 Dungeon Crawl Stone Soup version 0.18.1-50-g88ac8fd (webtiles) character file.

11892 nikopol the Cleaver (level 11, 0/148 HPs)
             Began as a Minotaur Berserker on Sept 15, 2016.
             Was a High Priest of Trog.
             Slain by a fire dragon (4 damage)
             ... on level 3 of the Lair of Beasts.
             The game lasted 00:37:09 (13360 turns).

nikopol the Cleaver (Minotaur Berserker)           Turns: 13360, Time: 00:37:10

Health: 0/148      AC:  8    Str: 28    XL:     11   Next: 55%
Magic:  10/10      EV: 15    Int:  4    God:    Trog [*****.]
Gold:   526        SH:  0    Dex: 12    Spells: 0 memorised, 10 levels left

rFire  . . .     SeeInvis .     a - +2 hand axe (flame)
rCold  . . .     Gourm    .     E - +0 scale mail
rNeg   . . .     Faith    .     (no shield)
rPois  +         Spirit   .     (helmet restricted)
rElec  .         Dismiss  .     (no cloak)
rCorr  .         Reflect  .     (no gloves)
SustAt .         Harm     .     (no boots)
MR     +....                    (no amulet)
Stlth  ..........               u - ring of poison resistance
                                r - ring of protection from magic

@: berserking, very quick, somewhat resistant to hostile enchantments, extremely
unstealthy
A: retaliatory headbutt, horns 2
a: Berserk, Trog's Hand, Brothers in Arms, Burn Spellbooks, Renounce Religion


You were on level 3 of the Lair of Beasts.
You worshipped Trog.
Trog was extremely pleased with you.
You were not hungry.

You visited 2 branches of the dungeon, and saw 11 of its levels.

You collected 526 gold pieces.

Inventory:

Hand Weapons
 a - a +2 hand axe of flaming (weapon)
 z - a +0 shortbow
 J - a +0 war axe
Missiles
 d - 98 arrows (quivered)
Armour
 E - a +0 scale mail (worn)
Jewellery
 j - an uncursed ring of protection from cold
 r - a ring of protection from magic (left hand)
 u - a ring of poison resistance (right hand)
 y - a +5 amulet of reflection {unknown}
Wands
 o - a wand of hasting (4/9)
 L - a wand of lightning (8/15)
Scrolls
 e - 3 scrolls of immolation {unknown}
 f - 2 scrolls of recharging {unknown}
 g - a scroll of identify
 h - 4 scrolls of remove curse
 m - a scroll of magic mapping {unknown}
 p - 3 scrolls of fear {unknown}
 s - 3 scrolls of enchant armour {unknown}
 v - a scroll of acquirement {unknown}
 w - a scroll of enchant weapon {unknown}
 x - 3 scrolls of teleportation {unknown}
 D - 3 scrolls of amnesia {unknown}
 F - a scroll of fog {unknown}
 G - a scroll of random uselessness {unknown}
 K - a scroll of vulnerability {unknown}
Potions
 l - a potion of resistance
 n - a potion of magic
 q - 7 potions of curing
 t - 2 potions of ambrosia
 A - 3 potions of heal wounds
 B - 2 potions of berserk rage
 C - a potion of brilliance
 H - a potion of haste
 I - a potion of cancellation
 M - a potion of flight
Comestibles
 b - a chunk of flesh
 c - 5 bread rations
 i - 4 slices of pizza
 k - 7 meat rations


   Skills:
 + Level 9.7 Fighting
 * Level 12.1 Axes
 * Level 9.2 Bows
 + Level 9.3 Armour
 + Level 9.0 Dodging


You had 10 spell levels left.
You didn't know any spells.

Dungeon Overview and Level Annotations

Branches:
Dungeon (8/15)             Temple (0/1) D:4            Lair (3/8) D:8
  Swamp: Lair:3-6    Shoals: Lair:3-6     Snake: Lair:3-6    Spider: Lair:3-6

Altars:
Ashenzari
Dithmenos
Fedhas
Gozag
Okawaru
Qazlal
Xom

Shops:
D:7 =


Innate Abilities, Weirdness & Mutations

You reflexively headbutt those who attack you in melee.
You have a pair of horns on your head.


Message History

The fire dragon breathes flames at you. The blast of flame hits you!
* * * LOW HITPOINT WARNING * * *
You are too injured to fight recklessly!
A red film seems to cover your vision as you go berserk!
You feel yourself moving faster!
You feel mighty!
You feel quite a bit more hungry. The fire dragon closely misses you.
You furiously retaliate!
You headbutt the fire dragon, but do no damage.
The fire dragon claws you!
* * * LOW HITPOINT WARNING * * *
The fire dragon barely misses you.
You slash the fire dragon!
You headbutt the fire dragon, but do no damage.
The fire dragon is heavily wounded.
You hit the fire dragon.
You headbutt the fire dragon, but do no damage.
The fire dragon is heavily wounded.
The fire dragon bites you.
You die...

####.# ######### ##.#
#≈≈≈≈...#### #..#
#≈§≈.§.....## ######.##
≈§§§........#####......#
≈§≈≈§.§...........######
$≈§§§.§.......#####
$§.≈≈≈......###
((((≈§≈D@..##
...≈≈≈≈..### ##########


You could see a fire dragon.

Vanquished Creatures
  A hydra (Lair:1)
  Pikel (D:5)
  6 elephants (Lair:2)
  2 spiny frogs
  A rime drake (Lair:3)
  A komodo dragon (D:8)
  The ghost of epen the Insei, an amateur MfMo (D:5)
  10 blink frogs
  6 yaks (Lair:1)
  A basilisk (Lair:1)
  3 hippogriffs
  Menkaure (D:5)
  5 water moccasins
  5 porcupines
  2 orc warriors
  A phantom (D:8)
  A sky beast (D:4)
  2 ogres
  3 centaurs
  5 crocodiles
  8 giant frogs
  A gnoll sergeant (D:5)
  A wyvern skeleton (D:8)
  A scorpion (D:6)
  An electric eel (D:8)
  A crimson imp (D:5)
  A giant frog skeleton (D:5)
  4 orc priests
  A hound (D:4)
  An orc wizard (D:6)
  3 iguanas
  Jessica (D:2)
  A hell rat (Lair:1)
  4 worker ants
  5 sheep (Lair:1)
  2 hound zombies
  A worker ant zombie (D:8)
  12 gnolls
  7 adders
  27 river rats
  2 shadow imps
  An ooze (D:7)
  An adder zombie (D:5)
  2 adder skeletons
  2 worms (D:3)
  2 dart slugs
  3 giant geckos (D:1)
  32 orcs
  2 ball pythons
  8 bats
  9 giant cockroaches
  8 goblins
  12 hobgoblins
  8 jackals
  A quokka (D:7)
  A giant cockroach zombie (D:5)
  10 giant newts
  A jackal skeleton (D:4)
  9 kobolds
  9 rats (Lair:1)
  A fungus (Lair:2)
  2 plants (D:8)
267 creatures vanquished.

Vanquished Creatures (others)
  An ooze (D:5)
  An orc (D:5)
  A fungus (Lair:2)
  2 plants
5 creatures vanquished.

Grand Total: 272 creatures vanquished

Notes
Turn   | Place    | Note
--------------------------------------------------------------
     0 | D:1      | nikopol the Minotaur Berserker began the quest for the Orb.
     0 | D:1      | Reached XP level 1. HP: 19/19 MP: 0/0
   216 | D:1      | Reached XP level 2. HP: 22/27 MP: 1/1
   699 | D:1      | Reached XP level 3. HP: 33/33 MP: 2/2
   898 | D:1      | Reached ** piety under Trog
   906 | D:2      | Reached skill level 4 in Axes
  1408 | D:2      | Found a stormy altar of Qazlal.
  1560 | D:2      | Noticed Jessica
  1571 | D:2      | Killed Jessica
  1571 | D:2      | Reached XP level 4. HP: 24/41 MP: 3/3
  2053 | D:3      | Reached *** piety under Trog
  2053 | D:3      | Reached XP level 5. HP: 23/47 MP: 4/4
  2293 | D:3      | Reached skill level 5 in Fighting
  2574 | D:3      | Reached skill level 5 in Axes
  3208 | D:4      | Found a staircase to the Ecumenical Temple.
  3304 | D:4      | Reached XP level 6. HP: 56/56 MP: 5/5
  3326 | D:4      | HP: 2/56 [poisoned by a worker ant]
  4153 | D:4      | Reached skill level 5 in Armour
  4501 | D:5      | Entered Level 5 of the Dungeon
  4502 | D:5      | Noticed Menkaure
  4504 | D:5      | Reached XP level 7. HP: 62/62 MP: 6/6
  4511 | D:5      | Killed Menkaure
  4674 | D:5      | Noticed epen's ghost (amateur MfMo)
  4677 | D:5      | Reached skill level 6 in Axes
  4677 | D:5      | Reached skill level 5 in Dodging
  4686 | D:5      | Killed epen's ghost
  4946 | D:5      | Reached **** piety under Trog
  4966 | D:5      | Reached XP level 8. HP: 71/71 MP: 7/7
  5120 | D:5      | Noticed Pikel
  5142 | D:5      | Killed Pikel
  5142 | D:5      | Reached skill level 7 in Axes
  5778 | D:6      | Found an iron altar of Okawaru.
  6001 | D:6      | Found a shadowy altar of Dithmenos.
  6211 | D:6      | Reached skill level 8 in Axes
  6214 | D:6      | Reached XP level 9. HP: 79/79 MP: 8/8
  6722 | D:7      | Found an opulent altar of Gozag.
  7313 | D:7      | Found a shimmering altar of Xom.
  7314 | D:7      | Found a shimmering altar of Xom.
  7314 | D:7      | Found a shimmering altar of Xom.
  7321 | D:7      | Found a shimmering altar of Xom.
  7323 | D:7      | Found a shimmering altar of Xom.
  7323 | D:7      | Found a shimmering altar of Xom.
  7361 | D:7      | Found a blossoming altar of Fedhas.
  7427 | D:7      | Found Fihi Xiz's Jewellery Shop.
  7541 | D:7      | Received a gift from Trog
  8327 | D:8      | Found a staircase to the Lair.
  8328 | D:8      | Noticed a komodo dragon
  8352 | D:8      | Killed a komodo dragon
  8352 | D:8      | Reached skill level 9 in Axes
  8352 | D:8      | Reached skill level 5 in Bows
  8962 | Lair:1   | Entered Level 1 of the Lair of Beasts
  9648 | Lair:1   | Reached XP level 10. HP: 88/88 MP: 9/9
  9738 | Lair:1   | Noticed a five-headed hydra
  9749 | Lair:1   | Killed a two-headed hydra
  9749 | Lair:1   | Reached skill level 10 in Axes
  9835 | Lair:1   | Noticed a spiny frog
  9848 | Lair:1   | Killed a spiny frog
 10607 | Lair:2   | Reached ***** piety under Trog
 10810 | Lair:2   | Noticed a spiny frog
 10823 | Lair:2   | Killed a spiny frog
 11131 | Lair:2   | Noticed an elephant
 11132 | Lair:2   | Noticed an elephant
 11134 | Lair:2   | Noticed an elephant
 11135 | Lair:2   | Noticed an elephant
 11136 | Lair:2   | Noticed an elephant
 11137 | Lair:2   | Noticed an elephant
 11143 | Lair:2   | Killed an elephant
 11143 | Lair:2   | Reached skill level 11 in Axes
 11149 | Lair:2   | Killed an elephant
 11151 | Lair:2   | Killed an elephant
 11155 | Lair:2   | Killed an elephant
 11155 | Lair:2   | Reached XP level 11. HP: 97/97 MP: 10/10
 12635 | Lair:3   | Found a shattered altar of Ashenzari.
 12793 | Lair:3   | Reached skill level 12 in Axes
 13264 | Lair:3   | Received a gift from Trog
 13345 | Lair:3   | Noticed a fire dragon
 13358 | Lair:3   | HP: 4/148 [fire dragon (7)]
 13360 | Lair:3   | Slain by a fire dragon

Skill      XL: |  1  2  3  4  5  6  7  8  9 10 11 |
---------------+----------------------------------+-----
Dodging        | 3 4 5 6 7 8 9 |  9.0
Fighting       | 4 5 6 7 8 9 |  9.7
Axes           | 4 5 6 8 9 11 12 | 12.1
Armour         | 3 4 5 6 7 8 9 |  9.3
Bows           | 3 6 8 9 |  9.2

Action                   |  1- 3 |  4- 6 |  7- 9 | 10-12 || total
-------------------------+-------+-------+-------+-------++-------
Melee: Hand axe          |    96 |   122 |    84 |   186 ||   488
       Headbutt          |    11 |    23 |    40 |    35 ||   109
       War axe           |       |     5 |    99 |       ||   104
 Fire: Shortbow          |       |       |   136 |   191 ||   327
Invok: Berserk           |       |     3 |     7 |     5 ||    15
       Trog's Hand       |       |     1 |       |       ||     1
       Burn Spellbooks   |       |       |     2 |     2 ||     4
  Use: Scroll            |       |       |    10 |     2 ||    12
 Stab: Sleeping          |     1 |       |       |       ||     1
  Eat: Chunk             |     2 |    12 |    14 |    17 ||    45
       Bread ration      |       |       |     2 |       ||     2
Armor: Animal skin       |    14 |     1 |       |       ||    15
       Ring mail         |       |    35 |    25 |       ||    60
       Scale mail        |       |       |     9 |    28 ||    37
Dodge: Dodged            |    77 |    95 |   117 |   105 ||   394
